 Dungeon Crawl Stone Soup version 0.25-a0-632-g7713895373 (webtiles) character file.

Game seed: 9044893888330025335, levelgen mode: deterministic

2751 Laiders72 the Basher (level 9, -2/85 HPs)
             Began as a Minotaur Fighter on Mar 19, 2020.
             Was a Follower of Qazlal.
             Slain by an orc warrior
             ... wielding a +0 long sword
              (10 damage)
             ... on level 6 of the Dungeon.
             The game lasted 00:15:45 (6899 turns).

Laiders72 the Basher (Minotaur Fighter)             Turns: 6899, Time: 00:15:45

Health: -2/85      AC: 12    Str: 21    XL:     9   Next: 41%
Magic:  8/8        EV:  3    Int:  6    God:    Qazlal [*.....]
Gold:   312        SH: 12    Dex: 12    Spells: 8/8 levels left

rFire    + . .     SeeInvis .   a - +1 flail
rCold    + . .     Gourm    .   c - +1 kite shield
rNeg     . . .     Faith    .   o - +0 plate armour (curse)
rPois    +         Spirit   .   (helmet restricted)
rElec    +         Reflect  .   r - +0 cloak
rCorr    +         Harm     .   (no gloves)
MR       .....                  (no boots)
Stlth    ..........             (no amulet)
HPRegen  0.24/turn              (no ring)
MPRegen  0.11/turn              (no ring)

@: brilliant, resistant, slowed, very slow
A: retaliatory headbutt, horns 2
a: Renounce Religion


You were on level 6 of the Dungeon.
You worshipped Qazlal.
Qazlal was aware of your devotion.
You were not hungry.

You visited 1 branch of the dungeon, and saw 7 of its levels.
You also visited: Sewer.

You collected 334 gold pieces.
You spent 22 gold pieces at shops.

Inventory:

Hand Weapons
 a - a +1 flail (weapon)
 p - a +1 mace of holy wrath
Missiles
 b - 16 poisoned darts (quivered)
Armour
 c - a +1 kite shield (worn)
 o - a cursed +0 plate armour (worn)
 r - a +0 cloak (worn)
Jewellery
 u - a +3 ring of slaying {unknown}
Wands
 k - a wand of flame (6)
 q - a wand of random effects (17)
Scrolls
 e - 3 scrolls of enchant armour
 h - 3 scrolls of remove curse
 j - 3 scrolls of teleportation
 m - a scroll of amnesia {unknown}
 s - a scroll of fear
 t - a scroll of identify
 v - a scroll of fog
 x - a scroll of magic mapping {unknown}
Potions
 g - 4 potions of flight
 i - 3 potions of invisibility
Comestibles
 d - 3 chunks of flesh
 f - 18 rations


   Skills:
 + Level 9.7 Fighting
 * Level 12.5 Maces & Flails
 - Level 3.6 Armour
 - Level 3.6 Shields


You had 8 spell levels left.
You didn't know any spells.
Your spell library contained the following spells:

 Spells                   Type           Power        Failure   Level  Hunger
 Shroud of Golubria       Chrm/Tloc      #.....       100%        2    None
 Inner Flame              Hex/Fire       #.......     100%        3    None
 Portal Projectile        Hex/Tloc       #.....       100%        3    None
 Bolt of Magma            Conj/Fire/Erth #.........   100%        5    None
 Dispersal                Tloc           #.........   100%        6    None


Dungeon Overview and Level Annotations

Branches:
Dungeon (7/15)             Temple (0/1) D:6           Sewer (visited)

Altars:
Cheibriados
Fedhas
Hepliaklqana
Nemelex Xobeh
Qazlal
Wu Jian
Xom
Yredelemnul

Shops:
D:6 ?


Innate Abilities, Weirdness & Mutations

You reflexively headbutt those who attack you in melee.
You have a pair of horns on your head.


Message History

It was a potion of resistance.
You feel protected. You block the orc warrior's attack.
It was a potion of brilliance.
You feel clever all of a sudden. The orc warrior barely misses you.
You furiously retaliate!
You headbutt the orc warrior.
It was a potion of curing.
You feel better.
The orc warrior hits you but does no damage.
You sock the orc warrior!
The orc warrior is heavily wounded.
The orc warrior hits you but does no damage.
Cornered, the orc warrior turns to fight!
You sock the orc warrior! You headbutt the orc warrior.
The orc warrior is severely wounded.
The orc warrior hits you with a +0 long sword!
* * * LOW HITPOINT WARNING * * *
Something hits you but does no damage.
The orc warrior hits you with a +0 long sword!
You die...

#..#.#.##...####.....)#.#####..#.
...##.##..._#Y##.#.#.#### ##.#.
...##..#.#####.#........## #.#.
....#..'.##.#Z##.#.#.#...# #.#.
......######Y######......## #.#.
..........##########......# #.#.
..........##..)...##..#..## #.#.
...........##.>[.o######.# #.#.
...........#..)#@## ### #.#.
#..............### #.#.
###..##...#.#### #.#.
.#..))....### #.#. .........##
#.#. ....)..### #.#. ###....##
#.#. ####....# #.#. .......##
#.#.


You could see an orc warrior.

Vanquished Creatures
  Pikel (D:4)
  Maggie (D:6)
  A hornet (D:6)
  Duvessa (D:5)
  An ice beast (D:6)
  4 ogres
  2 centaurs
  2 gnoll sergeants (D:6)
  A scorpion (D:3)
  Dowan (D:5)
  A crimson imp (D:5)
  6 hounds
  2 orc priests
  Crazy Yiuf (D:3)
  A gnoll shaman (D:6)
  3 orc wizards
  Terence (D:3)
  2 worker ants
  A merfolk avatar (Sewer)
  A merfolk siren (Sewer)
  13 gnolls
  8 adders
  A river rat (Sewer)
  A shadow imp (D:6)
  An adder zombie (D:7)
  2 adder skeletons (D:6)
  5 worms
  4 dart slugs (D:2)
  3 leopard geckos
  14 orcs
  6 ball pythons
  2 bats
  13 giant cockroaches
  10 hobgoblins
  3 jackals
  12 kobolds
  3 quokkas
  12 frilled lizards
  A giant cockroach zombie (D:6)
  4 goblins
  A leopard gecko skeleton (D:4)
  32 rats
185 creatures vanquished.

Vanquished Creatures (others)
  A jackal (D:6)
1 creature vanquished.

Grand Total: 186 creatures vanquished

Notes
Turn   | Place    | Note
-------+----------+-------------------------------------------
     0 | D:1      | Laiders72 the Minotaur Fighter began the quest for the Orb.
     0 | D:1      | Reached XP level 1. HP: 19/19 MP: 0/0
   209 | D:1      | Reached skill level 3 in Maces & Flails
   228 | D:1      | Reached XP level 2. HP: 21/27 MP: 1/1
   663 | D:1      | Reached XP level 3. HP: 29/33 MP: 2/2
   792 | D:2      | Reached skill level 4 in Maces & Flails
  1061 | D:2      | Reached XP level 4. HP: 35/41 MP: 3/3
  1101 | D:2      | Found a sparkling altar of Nemelex Xobeh.
  1516 | D:3      | Reached skill level 5 in Maces & Flails
  1550 | D:3      | Noticed Terence
  1554 | D:3      | Killed Terence
  1728 | D:3      | Reached XP level 5. HP: 35/47 MP: 4/4
  2200 | D:3      | Reached skill level 5 in Fighting
  2312 | D:3      | Found a runed translucent door.
  2313 | D:3      | Noticed Crazy Yiuf
  2322 | D:3      | Killed Crazy Yiuf
  2322 | D:3      | Reached skill level 6 in Maces & Flails
  2760 | D:3      | Reached XP level 6. HP: 29/56 MP: 5/5
  2977 | D:4      | Reached skill level 7 in Maces & Flails
  3002 | D:4      | Noticed a slave
  3063 | D:4      | Found an ornate altar of the Wu Jian Council.
  3128 | D:4      | Noticed a slave
  3131 | D:4      | Noticed Pikel
  3133 | D:4      | Noticed a slave
  3135 | D:4      | Noticed a slave
  3146 | D:4      | HP: 2/57 [Pikel/+0 whip of flaming (2)]
  3147 | D:4      | Killed Pikel
  3147 | D:4      | Reached skill level 9 in Maces & Flails
  3147 | D:4      | Reached XP level 7. HP: 2/66 MP: 6/6
  3176 | D:4      | Found a glowing drain.
  3217 | Sewer    | Entered a sewer
  3818 | Sewer    | Reached XP level 8. HP: 50/73 MP: 7/7
  4131 | D:4      | Found a stormy altar of Qazlal.
  4278 | D:5      | Entered Level 5 of the Dungeon
  4317 | D:5      | Noticed Dowan
  4318 | D:5      | Noticed Duvessa
  4462 | D:4      | Became a worshipper of Qazlal Stormbringer
  4968 | D:5      | Killed Dowan
  4968 | D:5      | Reached skill level 10 in Maces & Flails
  4981 | D:5      | Killed Duvessa
  5210 | D:5      | Found a snail-covered altar of Cheibriados.
  5541 | D:6      | Identified the Collected Works on the Torrid Traveller
  5684 | D:6      | Found Paradd's Magic Scroll Shop.
  5702 | D:6      | Bought a scroll of fog for 22 gold pieces
  5719 | D:6      | Reached skill level 11 in Maces & Flails
  5724 | D:6      | Noticed Maggie
  5740 | D:6      | Killed Maggie
  5845 | D:6      | Found a basalt altar of Yredelemnul.
  5885 | D:6      | Found a blossoming altar of Fedhas.
  5901 | D:6      | Reached XP level 9. HP: 51/83 MP: 8/8
  5958 | D:6      | Found a stormy altar of Qazlal.
  6004 | D:6      | Reached * piety under Qazlal
  6084 | D:6      | Found a shimmering altar of Xom.
  6085 | D:6      | Found a hazy altar of Hepliaklqana.
  6086 | D:6      | Noticed a spectral ugly thing
  6176 | D:6      | Found a staircase to the Ecumenical Temple.
  6229 | D:6      | Reached skill level 12 in Maces & Flails
  6899 | D:6      | Slain by an orc warrior

Levels and vault maps discovered:
D:1:      noname_arrival_rooms_in_the_neighbourhood, layout_loops_ring,
          serial_glass, glass_columns_b, glass_columns_c,
          minmay_strange_pillars, due_unseen_surprise, item_on_display_a
D:2:      lemuel_upstairs_altar, layout_rooms,
          nemelex_xobeh_ov_fountains_minmay, kennysheep_generic_room_9
D:3:      layout_loops_ring, uniq_terence, uniq_crazy_yiuf_cottage
D:4:      layout_rooms, nicolae_overflow_hidden_temple,
          nicolae_overflow_crystal_walls, first_ration, portal_sewer_entry_f,
          uniq_pikel
D:5:      layout_basic, cheibriados_altar_1, uniq_duvessa
D:6:      layout_cave_pools, regret_index_temple_of_mockery,
          fedhas_bush_and_centaur_altar, kennysheep_mini_moat, temple_fountains,
          serial_gnoll_camp, gnoll_camp_mini_shop, gnoll_camp_mini_hut,
          gnoll_camp_medium_01, gnoll_camp_mini_doghouse, st_stairs_13,
          chequers_serial_rivers_small_b, grunt_qazlal_clouds, uniq_maggie
D:7:      layout_cave_pools, grunt_gozag_breadcrumbs

Skill      XL: |  1  2  3  4  5  6  7  8  9 |
---------------+----------------------------+-----
Maces & Flails | 3 4 5 6 9 11 12 | 12.5
Fighting       | 4 5 7 9 |  9.7
Armour         | |  3.6
Shields        | |  3.6

Action                   |  1- 3 |  4- 6 |  7- 9 || total
-------------------------+-------+-------+-------++-------
Melee: Flail             |    93 |   146 |   324 ||   563
       Headbutt          |    12 |    29 |    61 ||   102
Throw: Dart              |       |     6 |       ||     6
  Use: Scroll            |       |     8 |     1 ||     9
       Potion            |       |     1 |     5 ||     6
  Eat: Chunk             |     1 |     6 |    13 ||    20
Armor: Scale mail        |    42 |    13 |       ||    55
       Plate armour      |       |    84 |   206 ||   290
Dodge: Dodged            |    30 |    31 |    50 ||   111
Block: Kite shield       |    71 |    83 |   216 ||   370

Table legend:
 A = Non-vault XP
 B = Vault XP
 C = Vault XP percentage of total XP
 D = Non-vault monster count
 E = Vault monster count
 F = Vault count percentage of total count
                 A         B        C        D         E       F
            +---------+---------+-------+---------+---------+-------
      Total |    1882 |    2048 |  52.1 |     114 |      71 |  38.4
            +---------+---------+-------+---------+---------+-------
        D:1 |      46 |       0 |   0.0 |      23 |       0 |   0.0
        D:2 |      84 |      15 |  15.2 |      21 |       2 |   8.7
        D:3 |     229 |      76 |  24.9 |      28 |       2 |   6.7
        D:4 |     214 |     664 |  75.6 |       7 |       7 |  50.0
        D:5 |     335 |     214 |  39.0 |      12 |       2 |  14.3
        D:6 |     913 |     963 |  51.3 |      20 |      21 |  51.2
        D:7 |      61 |       0 |   0.0 |       3 |       0 |   0.0
      Sewer |       0 |     116 | 100.0 |       0 |      37 | 100.0
            +---------+---------+-------+---------+---------+-------
